cohdb
Replays
Latest Replays
All Replays
Popular Replays
Top Player Replays
Match Explorer
How It Works
Community
CoH3 Stats
Reddit
Sign in to upload your games and track your stats! →
Sign in with Steam
Match 46003466
Unlisted
Match 46003466
Overview
Messages
Build Orders
End
Construct Barracks
Riflemen Squad
Selects Special Operations Battlegroup
Selects M29 Weasel Recon Vehicle
M29 Weasel Recon Vehicle
Riflemen Squad
Riflemen Squad
Infantry Support Center
Construct Medical Station
M29 Weasel Recon Vehicle
M1918 Browning Automatic Rifles
Construct Motor Pool
M1 Anti-tank Gun Team
Grenade Package
Construct Tank Depot
M4A1 Sherman Medium Tank
Selects P-47 Anti-Infantry Loiter
Selects Raiding Flares
Selects SSF Commando Squad
SSF Commando Squad
P-47 Anti-Infantry Loiter
Engineer Squad
M4A1 Sherman Medium Tank
M18 Hellcat Tank Destroyer
SSF Commando Squad
P-47 Anti-Infantry Loiter
good kid
Fajolada
0
0
Comments
sign in to comment!
No comments posted yet!